 Dungeon Crawl Stone Soup version 0.14.1-24-gbdbe590 (webtiles) character file.

9212 Kassandra the Archer (level 11, 0/92 HPs)
             Began as a Centaur Hunter on June 29, 2014.
             Was a Priest of Dithmenos.
             Slain by an unseen horror (11 damage)
             ... on Level 11 of the Dungeon.
             The game lasted 01:22:44 (14223 turns).

Kassandra the Archer (Centaur Hunter)              Turns: 14223, Time: 01:22:44

HP   0/92        AC  1     Str 23      XL: 11   Next: 17%
MP  18/18        EV  9     Int 11      God: Dithmenos [***...]
Gold 177         SH  0     Dex  8      Spells:  0 memorised, 10 levels left

rFire  . . .     SeeInvis .     b - +1,+2 bow
rCold  . . .     Clarity  +     n - -5 ring mail of the Valley {Str+3 Dex-4}
rNeg   . . .     Conserve .     (no shield)
rPois  .         rCorr    .     (no helmet)
rElec  .         rRot     .     P - +0 cloak
SustAb . .       Spirit   .     m - -1 pair of gloves
rMut   .         Warding  .     (no barding)
Saprov . . .     Stasis   .     h - amulet of clarity
MR     .....                    (no ring)
                                (no ring)

@: mighty, wreathed by umbra, very quick, not resistant to hostile enchantments,
extremely unstealthy
A: hooves 3, deformed body, herbivore 1, speed 2, fast metabolism 1, mutation
resistance 1, spit poison 1, tough skin 3
a: Spit Poison, Shadow Step, Renounce Religion


You were on level 11 of the Dungeon.
You worshipped Dithmenos.
Dithmenos was most pleased with you.
You were not hungry.

You visited 2 branches of the dungeon, and saw 12 of its levels.
You also visited: Ossuary.

You collected 411 gold pieces.
You spent 234 gold pieces at shops.

Inventory:

Hand weapons
 b - a +1,+2 bow (weapon)
 K - the +6,+10 mace of Broken Luck {antimagic, Noisy +Rage +Inv Dex+2 Stlth++}
   (You found it on level 6 of the Dungeon)

   It disrupts the flow of magical energy around spellcasters and certain
   magical creatures (including the wielder).
   It affects your dexterity (+2).
   It lets you turn invisible.
   It lets you go berserk.
   It may make noises in combat.
   It makes you much more stealthy.
 S - a -1,-3 bow
Missiles
 a - 14 arrows of frost
 c - 81 arrows (quivered)
 v - 17 arrows of flame
 H - an arrow of dispersal
 U - 8 poisoned arrows
Armour
 d - a cursed +0 leather armour
 m - a -1 pair of gloves (worn)
 n - the cursed -5 ring mail of the Valley (worn) {Str+3 Dex-4}
   (You bought it in a shop on level 10 of the Dungeon)

   It affects your strength (+3).
   It affects your dexterity (-4).
   It has a curse placed upon it.
 N - a +2 robe of fire resistance
 P - a +0 cloak (worn)
Magical devices
 y - a wand of disintegration (22)
 C - a wand of frost (6)
 D - a wand of teleportation (0)
 E - a wand of heal wounds (0)
 F - a wand of polymorph (6)
 G - a wand of confusion (6)
Comestibles
 f - 9 bread rations
 w - 5 meat rations
 W - a chunk of fire drake flesh
Scrolls
 j - a scroll of fog
 l - 10 scrolls of identify
 o - a scroll of enchant weapon I
 r - a scroll of fear
 t - 2 scrolls of teleportation
 x - 2 scrolls of random uselessness
 A - a scroll of recharging
 B - 3 scrolls of enchant weapon II
 J - a scroll of immolation
 R - 4 scrolls of blinking
Jewellery
 h - an amulet of clarity (around neck)
 T - an uncursed ring of positive energy {unknown}
Potions
 e - 3 potions of lignification
 g - 3 potions of heal wounds {unknown}
 i - 2 potions of confusion {unknown}
 p - a potion of resistance {unknown}
 q - 5 potions of curing
 u - 3 potions of might
 I - 2 potions of poison {unknown}
 L - 2 potions of degeneration {unknown}
 M - 2 potions of brilliance {unknown}
 O - a potion of paralysis {unknown}
 V - a potion of restore abilities
Books
 k - a book of Alchemy

   Spells                             Type                      Level
   Lethal Infusion                    Charms/Necromancy            2
   Sublimation of Blood               Necromancy                   2
   Condensation Shield                Ice                          4
   Petrify                            Transmutation/Earth          4
   Ignite Poison                      Fire/Transmutation           5
Magical staves
 z - an uncursed staff of air


   Skills:
 - Level 7.1 Fighting
   Level 0.1 Short Blades
 - Level 5.1 Maces & Flails
 + Level 14.4 Bows
 - Level 0.1 Armour
 - Level 6.1 Dodging
 - Level 0.5 Stealth
 - Level 6.4 Evocations


You had 10 spell levels left.
You didn't know any spells.

Dungeon Overview and Level Annotations

Branches:
Dungeon (11/15)            Temple (1/1) D:5            Lair (0/8) D:11
    Orc: D:9-12

Altars:
Ashenzari
Cheibriados
Dithmenos
Elyvilon
Fedhas
Kikubaaqudgha
Makhleb
Nemelex Xobeh
Okawaru
Sif Muna
Trog
Vehumet
Xom
Yredelemnul
Zin
The Shining One

Shops:
D:9 !   D:10 [


Innate Abilities, Weirdness & Mutations

You have hooves in place of feet.
Armour fits poorly on your strangely shaped body.
You digest meat inefficiently.
You cover ground very quickly.
You have a fast metabolism.
You have extremely tough skin (AC +3).
You are somewhat resistant to further mutation.
You can spit poison.


Message History

You start resting.
You feel less woody.
Your +0 cloak unmelds from your body.
Your -1 pair of gloves unmelds from your body.
The cursed -5 ring mail of the Valley {Str+3 Dex-4} unmelds from your body.
You feel stronger.
You feel clumsy. Something hits you! x3
Something hits you. Something hits you. Something hits you. Something hits you.
Something hits you!
* * * LOW HITPOINT WARNING * * *
Something hits you!
* * * LOW HITPOINT WARNING * * *
Zapping:
E - a wand of heal wounds {zapped: 3}
Press: ? - help, Shift-Dir - straight line, f - you Nothing appears to happen.
Something hits you!
You die...

**#######.......#,,,,,,*.,,,,*
#.......#,,,,,,#....,*
#.......#,,,,,,+.....#
#.......#,,,,,,#.....#
*****####.......#,,,,,,#.....#
>,,,............#,,,,,,#.....#
,,,............#,,,,,,#.....#
****##.########.##+#####.....#
** #.* #.@......<.....#
,*****,* #..............#
,,,,,*,* #....#####+#...#
,,,,,*,*******#....#,,,,,#...#
,,,,,,,,,,,........# ,, ,#...#
, ,,,,,,,,,........#,,,,,#...#
,,,,,,**,,,........#*****#...#
,,,,,***,,,,.................#
>,,,,* *,,,,,................#


There were no monsters in sight!

Vanquished Creatures
  Erolcha (D:8)
  A hill giant (D:10)
  Pikel (D:7)
  Joseph (D:8)
  Maurice (D:8)
  A fire drake (D:11)
  A merfolk (D:10)
  An iron devil (D:8)
  A troll (D:9)
  Prince Ribbit (D:7)
  A hill giant zombie (D:9)
  Eustachio (D:7)
  A deep elf mage (D:9)
  2 hungry ghosts
  Grum (D:10)
  2 wolves (D:10)
  2 hippogriffs
  A necrophage (D:8)
  4 sky beasts
  A black bear (D:8)
  4 centaurs
  An orc warrior (D:9)
  A slave (D:7)
  3 ogres
  A giant goldfish (D:10)
  5 phantoms
  2 ice beasts
  A big kobold (D:7)
  2 elf zombies
  A cyclops zombie (D:11)
  3 giant frogs
  5 killer bees (D:8)
  4 scorpions
  A centaur zombie (Ossuary)
  3 orc priests (D:7)
  9 crimson imps
  3 hounds
  A human zombie (Ossuary)
  4 jellies
  3 big fish (D:10)
  A giant frog skeleton (D:8)
  An iguana (D:5)
  4 worker ants
  8 orc wizards
  Ijyb (D:7)
  A big kobold skeleton (D:10)
  2 big kobold zombies (Ossuary)
  An ogre skeleton (D:9)
  4 mummies
  8 adders
  4 gnolls (D:5)
  A worm zombie (D:8)
  3 giant mites
  4 worms
  2 shadow imps
  2 ufetubi (D:7)
  5 adder zombies (Ossuary)
  A giant eyeball (D:8)
  6 giant geckos
  42 orcs
  A bat skeleton (D:5)
  6 giant cockroaches
  A gnoll zombie (Ossuary)
  25 goblins
  20 hobgoblins
  31 kobolds
  2 quokkas (D:6)
  7 bats
  A giant gecko skeleton (D:4)
  5 giant newts
  A goblin skeleton (D:5)
  6 goblin zombies (Ossuary)
  A hobgoblin skeleton (D:5)
  3 hobgoblin zombies (Ossuary)
  A jackal skeleton (D:4)
  2 jackal zombies (Ossuary)
  5 kobold zombies
  An orc zombie (Ossuary)
  4 quokka zombies (Ossuary)
  15 rats
  2 rat zombies (Ossuary)
324 creatures vanquished.

Vanquished Creatures (others)
  An orc (D:7)
  A quokka (D:7)
2 creatures vanquished.

Grand Total: 326 creatures vanquished

Notes
Turn   | Place    | Note
--------------------------------------------------------------
     0 | D:1      | Kassandra, the Centaur Hunter, began the quest for the Orb.
     0 | D:1      | Reached XP level 1. HP: 16/16 MP: 1/1
   496 | D:1      | Reached XP level 2. HP: 21/23 MP: 2/2
  1069 | D:2      | Reached skill level 6 in Bows
  1293 | D:2      | Reached XP level 3. HP: 20/28 MP: 3/3
  1822 | D:3      | Reached skill level 7 in Bows
  2127 | D:3      | Reached XP level 4. HP: 28/35 MP: 3/3
  2903 | D:4      | Noticed a hungry ghost
  2966 | D:4      | Reached skill level 8 in Bows
  3012 | D:4      | Killed a hungry ghost
  3012 | D:4      | Reached skill level 9 in Bows
  3012 | D:4      | Reached XP level 5. HP: 26/40 MP: 4/4
  3025 | D:4      | Found a sand-covered staircase.
  3145 | Ossuary  | Entered an ossuary
  3221 | Ossuary  | Reached XP level 6. HP: 39/47 MP: 5/5
  3376 | Ossuary  | Reached skill level 10 in Bows
  3736 | D:4      | Reached XP level 7. HP: 57/57 MP: 5/5
  4161 | D:4      | Found a bloodstained altar of Trog.
  4232 | D:5      | Entered Level 5 of the Dungeon
  4425 | D:5      | Reached skill level 5 in Fighting
  5347 | D:5      | Found a staircase to the Ecumenical Temple.
  5355 | Temple   | Entered the Ecumenical Temple
  5539 | Temple   | Became a worshipper of Dithmenos the Shadowed
  5698 | D:5      | Reached XP level 8. HP: 70/70 MP: 6/6
  6521 | D:6      | Got a pitted mace
  6522 | D:6      | Identified the +6,+10 mace of Broken Luck {antimagic, Noisy +Rage +Inv Dex+2 Stlth++} (You found it on level 6 of the Dungeon)
  6816 | D:6      | Found a white marble altar of Elyvilon.
  7180 | D:7      | Found a radiant altar of Vehumet.
  7329 | D:7      | Noticed Ijyb
  7333 | D:7      | Killed Ijyb
  7370 | D:7      | Reached skill level 5 in Maces & Flails
  7414 | D:7      | Noticed Pikel
  7437 | D:7      | Killed Pikel
  7437 | D:7      | Reached skill level 11 in Bows
  7437 | D:7      | Reached XP level 9. HP: 61/75 MP: 4/7
  7812 | D:7      | Noticed Eustachio
  7825 | D:7      | Killed Eustachio
  7887 | D:7      | Noticed Prince Ribbit
  7901 | D:7      | Killed Prince Ribbit
  7901 | D:7      | Reached skill level 12 in Bows
  8375 | D:8      | Noticed Maurice
  8862 | D:7      | Reached skill level 13 in Bows
  9313 | D:8      | Noticed Erolcha
  9320 | D:8      | Killed Erolcha
  9320 | D:8      | Reached skill level 14 in Bows
  9458 | D:8      | Reached skill level 1 in Evocations
  9458 | D:8      | Reached XP level 10. HP: 83/83 MP: 5/8
  9467 | D:8      | Acquired Dithmenos' first power
  9554 | D:8      | Noticed Joseph
  9566 | D:8      | Killed Joseph
 10096 | D:8      | Killed Maurice
 10211 | D:8      | Found a shimmering altar of Xom.
 10311 | D:8      | Found a bloodstained altar of Trog.
 10633 | D:9      | Reached skill level 5 in Dodging
 11073 | D:9      | Found Ikong's Distillery.
 11184 | D:9      | Gained mutation: You are somewhat resistant to further mutation. [potion of beneficial mutation]
 11185 | D:9      | Gained mutation: You can spit poison. [potion of mutation]
 11265 | D:9      | Found an ancient bone altar of Kikubaaqudgha.
 11296 | D:9      | Acquired Dithmenos' second power
 11823 | D:10     | Entered Level 10 of the Dungeon
 12334 | D:10     | Reached skill level 5 in Evocations
 12354 | D:10     | Noticed Grum
 12681 | D:10     | Reached XP level 11. HP: 38/92 MP: 7/17
 12891 | D:10     | Found Xauriy's Antique Armour Boutique.
 12903 | D:10     | Bought a bloodstained ring mail for 234 gold pieces
 12912 | D:10     | Identified the cursed -5 ring mail of the Valley {Str+3 Dex-4} (You bought it in a shop on level 10 of the Dungeon)
 12966 | D:10     | Noticed a hill giant
 13005 | D:10     | Killed a hill giant
 13954 | D:10     | Killed Grum
 14054 | D:11     | Found a staircase to the Lair.
 14223 | D:11     | Slain by an unseen horror

Action                   |  1- 3 |  4- 6 |  7- 9 | 10-12 || total
-------------------------+-------+-------+-------+-------++-------
Melee: Short sword       |    55 |       |       |       ||    55
       Dagger            |    86 |    71 |       |       ||   157
       Mace              |       |       |   228 |    91 ||   319
       Unarmed           |       |       |     6 |       ||     6
       Bow               |       |       |       |     5 ||     5
 Fire: Bow               |    19 |   157 |   238 |   286 ||   700
Evoke: Wand              |       |       |     2 |     5 ||     7
  Use: Scroll            |       |       |    11 |     6 ||    17
       Potion            |       |       |     3 |     6 ||     9
 Stab: Sleeping          |       |       |     6 |     4 ||    10
       Distracted        |       |       |     1 |       ||     1
